 Dungeon Crawl Stone Soup version 0.30-a0-374-g95c0257040 (webtiles) character file.

Game seed: 14316592291334526129

6946 kae the Transmogrifier (level 10, 0/97 HPs)
             Began as a Black Draconian Transmuter on Nov 25, 2022.
             Was an Initiate of Ru.
             Slain by a wolf (4 damage)
             ... on level 2 of the Lair of Beasts.
             The game lasted 00:12:13 (13032 turns).

kae the Transmogrifier (DrTm)                      Turns: 13032, Time: 00:12:14

Health: 0/97       AC:  8    Str: 13    XL:     10   Next: 80%
Magic:  15/19      EV: 11    Int: 17    God:    Ru [......]
Gold:   651        SH:  0    Dex: 12    Spells: 12/22 levels left

rFire   + . .      SeeInvis .      - Unarmed
rCold   + + +      Faith    .    (shield currently unavailable)
rNeg    . . .      Spirit   .    (body armour unavailable)
rPois   +          Reflect  .    (helmet currently unavailable)
rElec   .          Harm     .    (cloak currently unavailable)
rCorr   .          Rampage  .    (gloves currently unavailable)
Will    .....                    (boots currently unavailable)
Stlth   +.........               (no amulet)
HPRegen 0.36/turn                F - ring of protection from fire
MPRegen 0.16/turn                f - ring of protection from fire

@: ice-form, wereblooded
A: freezing attack, amphibious, boosted hp, (breathe lightning), AC +7, large,
unfitting armour, (electricity resistance), (cold-blooded)
a: End Transformation, Renounce Religion, Sacrifice an Eye, Sacrifice Health,
Sacrifice Love, Reject Sacrifices


You were on level 2 of the Lair of Beasts.
You worshipped Ru.
Ru was noncommittal.
You were a creature of crystalline ice.
You visited 3 branches of the dungeon, and saw 13 of its levels.

You collected 651 gold pieces.


Innate Abilities, Weirdness & Mutations

You are a creature of crystalline ice.
You have a powerful freezing melee attack.
You are amphibious.
Your maximum health is increased.
Your armour is entirely melded.
You are incapable of wielding weapons or throwing items.
((You can breathe wild blasts of lightning.))
((Your glossy black scales are hard. (AC +7)))
You cannot fit into any form of body armour.
((You are resistant to electric shocks. (rElec)))
((You are cold-blooded and may be slowed by cold attacks.))


   Skills:
 + Level 5.0 Fighting
 + Level 4.4 Dodging
 + Level 7.5 Unarmed Combat
 + Level 6.5 Spellcasting
 * Level 10.1 Transmutations
 - Level 6.0 Ice Magic
 - Level 2.2 Poison Magic


You had 12 spell levels left.
You knew the following spells:

 Your Spells              Type           Power      Damage    Failure   Level
a - Beastly Appendage     Tmut           80%        N/A       1%          1
b - Wereblood             Tmut           40%        N/A       1%          2
c - Spider Form           Tmut/Pois      26%        N/A       2%          3
d - Ice Form              Ice/Tmut       33%        N/A       4%          4

Your spell library contained the following spells:

 Spells                   Type           Power      Damage    Failure   Level
 Ignite Poison            Fire/Tmut/Pois 19%        N/A       7%          3
 Apportation              Tloc           10%        N/A       12%         1
 Magic Dart               Conj           20%        1d4       12%         1
 Necrotise                Necr           20%        1d5       12%         1
 Shock                    Conj/Air       20%        1d4       12%         1
 Summon Small Mammal      Summ           20%        N/A       12%         1
 Searing Ray              Conj           10%        2d4       19%         2
 Summon Guardian Golem    Hex/Summ       5%         N/A       36%         3
 Swiftness                Air            5%         N/A       36%         3
 Airstrike                Air            2%         2d(1-17)  77%         4
 Fulminant Prism          Conj/Hex       2%         3d5       77%         4
 Passage of Golubria      Tloc           5%         N/A       77%         4
 Sticky Flame             Conj/Fire      5%         2d3       77%         4
 Silence                  Hex/Air        2%         N/A       98%         5
 Orb of Destruction       Conj           2%         9d5       100%        7
 Spellforged Servitor     Conj/Summ      2%         N/A       100%        7
 Ignition                 Fire           2%         3d3       100%        8
 Lehudib's Crystal Spear  Conj/Erth      2%         10d2      100%        8

Inventory:

Missiles
 d - 9 boomerangs
 h - 157 stones
 t - 2 throwing nets {=f!f}
 v - 21 poisoned darts
 w - 2 atropa-tipped darts
 B - a curare-tipped dart {=f}
 D - 5 silver javelins
Armour
 s - a +2 cloak (melded)
   (You found it on level 5 of the Dungeon)
Jewellery
 f - a ring of protection from fire (right front paw)
   (You found it on level 6 of the Dungeon)
 F - a ring of protection from fire (left front paw)
   (You found it on level 2 of the Dungeon)
Wands
 e - a wand of mindburst (17)
   (You found it on level 5 of the Dungeon)
 o - a wand of paralysis (9)
   (You found it on level 6 of the Dungeon)
 p - a wand of flame (20)
   (You found it on level 3 of the Dungeon)
 y - a wand of digging (7)
   (You found it on level 7 of the Dungeon)
 A - a wand of roots (10)
   (You found it on level 8 of the Dungeon)
Scrolls
 c - a scroll of poison {unknown}
 g - 6 scrolls of amnesia
 k - a scroll of blinking {!r}
 m - 2 scrolls of enchant weapon
 n - 14 scrolls of identify {@r1}
 u - 4 scrolls of vulnerability {!r!r}
 x - a scroll of enchant armour
 z - 3 scrolls of teleportation {@r4}
 C - a scroll of torment {!r}
Potions
 a - 4 potions of lignification {!q}
 b - 4 potions of flight
 i - 5 potions of curing {@q1}
 j - a potion of brilliance
 l - 3 potions of mutation {!q}
 q - a potion of cancellation
 r - a potion of magic

Dungeon Overview and Level Annotations

Branches:
Dungeon (10/15) Zot: 25287  Temple (1/1) D:7 Zot: 5790    Lair (1/5) D:10 Zot: 11474
    Orc (0/2) D:10

Altars:
Ashenzari
Cheibriados
Dithmenos
Elyvilon
Fedhas
Gozag
Hepliaklqana
Kikubaaqudgha
Makhleb
Nemelex Xobeh
Okawaru
Qazlal
Ru
Sif Muna
Trog
Uskayaw
Vehumet
Wu Jian
Xom
Yredelemnul
Zin
The Shining One

Shops:
D:1 (   D:10 *

Annotations:
D:8 3 runed translucent doors, NoAnimeNoLife's ghost, novice TrBe
D:10 Urug

... .... ..... .....! ......#
.......##### ####
......#.##.#####..###########
...$.......†.................
...........hY................
...........hh................
?............................
.............................
.............................
.#..###.#####...PP###P#####.#
### ### #.##### ### ### ###


You could see 3 wolves.


Message History

😕 HP[+10] MP[-4]
You now have 96 max hp (+16).
You regained 10 hp, and now have 90/96 hp.
You lost 4 mp, and now have 15/19 mp.
You closely miss the wolf. The wolf bites you.
The wolf bites you but does no damage.
You closely miss the wolf. The wolf closely misses you. The wolf bites you.
The wolf pauses to sniff the ground.
The wolf barely misses you.
The wolf bites you but does no damage. 😕 HP[-6]
You take 6 damage, and now have 84/96 hp.
Casting: Ice Form (dangerous; 4% risk of failure)
Confirm with . or Enter, or press ? or * to list all spells.
Your blood is infused with primal strength.
The wolf howls!
The wolf bites you. The wolf closely misses you. The wolf bites you.
The wolf barely misses you. x4 😕 HP[-8] MP[-1]
You take 8 damage, and now have 76/96 hp.
You lost 1 mp, and now have 14/19 mp.
You barely miss the wolf. The wolf bites you but does no damage.
The wolf closely misses you. The wolf bites you but does no damage.
The wolf bites you.
You closely miss the wolf. The wolf bites you. The wolf barely misses you. x2
The wolf misses you. The wolf barely misses you. The wolf closely misses you.
The wolf bites you. x2; The wolf bites you but does no damage. 😮 HP[-4]
You take 4 damage, and now have 72/96 hp.
You barely miss the wolf. The wolf closely misses you. The wolf bites you.
The wolf closely misses you. The wolf bites you but does no damage.
The wolf bites you. The wolf barely misses you.
You are too injured to fight recklessly! 😮 HP[-6]
You take 6 damage, and now have 66/96 hp.
You are too injured to fight recklessly!
You are too injured to fight recklessly!
You punch the wolf! You freeze the wolf. The wolf completely misses you.
The wolf barely misses you.
The wolf bites you. x2; The wolf bites you!
* * * LOW HITPOINT WARNING * * *
The wolf bites you but does no damage. The wolf bites you.
* * * LOW HITPOINT WARNING * * *
The wolf misses you. x2 😨 HP[-22]
You take 22 damage, and now have 44/96 hp.
MASSIVE DAMAGE!! (PAUSE)
You hit the wolf. You freeze the wolf.
The wolf bites you but does no damage. x2
The wolf bites you.
* * * LOW HITPOINT WARNING * * *
The wolf bites you but does no damage. The wolf bites you.
* * * LOW HITPOINT WARNING * * *
The wolf misses you. 😨 HP[-8]
You take 8 damage, and now have 36/96 hp.
Unknown command.
You barely miss the wolf. The wolf barely misses you.
The wolf bites you but does no damage. x2; The wolf bites you.
* * * LOW HITPOINT WARNING * * *
The wolf bites you!
* * * LOW HITPOINT WARNING * * *
The wolf bites you.
* * * LOW HITPOINT WARNING * * *
The wolf closely misses you. The wolf barely misses you. 😱 HP[-16]
You take 16 damage, and now have 20/96 hp.
You punch the wolf! You freeze the wolf.
You feel a bit better.
You kill the wolf!
The wolf bites you!
* * * LOW HITPOINT WARNING * * *
The wolf barely misses you. The wolf bites you but does no damage.
The wolf bites you.
* * * LOW HITPOINT WARNING * * *
The wolf bites you.
* * * LOW HITPOINT WARNING * * *
Your Fighting skill increases to level 5! 😱 HP[-11] MP[+1]
You now have 97 max hp (+1).
You take 11 damage, and now have 9/97 hp.
Unknown command.
You punch the wolf! You freeze the wolf. The wolf closely misses you.
The wolf misses you. The wolf barely misses you.
The wolf completely misses you. The wolf barely misses you.
The wolf misses you. The wolf closely misses you. The wolf barely misses you.
Unknown command.
You barely miss the wolf.
The wolf bites you but does no damage. x2
The wolf misses you. The wolf barely misses you.
Unknown command.
You punch the wolf! You freeze the wolf.
You feel a bit better.
You kill the wolf!
The wolf bites you.
* * * LOW HITPOINT WARNING * * *
The wolf barely misses you. x2; The wolf bites you but does no damage.
The wolf bites you!
* * * LOW HITPOINT WARNING * * *
😱 HP[-5]
You take 5 damage, and now have 4/97 hp.
Unknown command.
You barely miss the wolf.
You howl as the wereblood boils in your veins!
The wolf bites you.
You die...

Skill      XL: |  1  2  3  4  5  6  7  8  9 10 |
---------------+-------------------------------+-----
Transmutations | 3 4 5 6 7 8 10 | 10.1
Poison Magic   | 1 2 |  2.2
Spellcasting   | 3 4 5 6 |  6.5
Unarmed Combat | 4 5 6 7 |  7.5
Ice Magic      | 1 4 5 6 |  6.0
Dodging        | 3 4 |  4.4
Fighting       | 3 5 |  5.0

Action                   |  1- 3 |  4- 6 |  7- 9 | 10-12 || total
-------------------------+-------+-------+-------+-------++-------
Melee: Unarmed           |   101 |   187 |   254 |   163 ||   705
       Tailslap          |     8 |    13 |       |       ||    21
       Kick              |    16 |    17 |       |       ||    33
       Headbutt          |     7 |    12 |       |       ||    19
       Punch             |     2 |     1 |       |       ||     3
 Cast: Beastly Appendage |    23 |    17 |       |       ||    40
       Spider Form       |     2 |    13 |     6 |       ||    21
       Wereblood         |       |     1 |    10 |     5 ||    16
       Ice Form          |       |       |    30 |    19 ||    49
Invok: Reject Sacrifices |       |       |     1 |       ||     1
Evoke: Wand              |       |       |     4 |     5 ||     9
  Use: Scroll            |     3 |     8 |     7 |     1 ||    19
       Potion            |       |     3 |     2 |     2 ||     7
 Stab: Sleeping          |     1 |       |       |       ||     1
Armor: Skin              |    20 |    35 |    72 |    85 ||   212
Dodge: Dodged            |    81 |   142 |   108 |   122 ||   453

Levels and vault maps discovered:
D:1:      ncdulo_wetmaze, layout_basic, serial_shops, shop
D:2:      layout_basic, basic_altar
D:3:      layout_loops_corners, lemuel_tele_altar, minmay_goblin_kobold_house,
          uniq_natasha
D:4:      layout_loops_ring
D:5:      layout_loops_ring, gammafunk_temple_overflow_statue, kennysheep_donut,
          minivault_26
D:6:      layout_basic, kennysheep_pointless_box,
          dilly_guarded_unrand_devastator, uniq_maggie
D:7:      layout_gridville, minmay_temple_entry_butterflies
D:8:      layout_basic, amcnicky_altar_gilded, ebering_ghost_gozag
D:9:      layout_basic, overflow_temple_1_default, uniq_maurice
D:10:     layout_cave_pods, lair_entry_dummy, orc_0_dummy, serial_shops,
          nicolae_square_shop, nicolae_kite_square_tiling_tiny, uniq_urug
Temple:   minmay_crystal_spiral_temple
Lair:1:   layout_small_grid, minivault_24, chequers_serial_rivers_micro_b,
          infiniplex_staircase_pool
Lair:2:   layout_big_grid, skrybe_swamp_entry_bodies, serial_bayou_shore_a,
          serial_bayou_shore_b, grunt_megastairs_1, lemuel_fruit_tree

Notes
Turn   | Place    | Note
-------+----------+-------------------------------------------
     0 | D:1      | kae the Draconian Transmuter began the quest for the Orb.
     0 | D:1      | Reached XP level 1. HP: 16/16 MP: 3/3
     0 | D:1      | magus.rc [v1.11.3]
    23 | D:1      | Found Torphi's Weapon Shop.
   149 | D:1      | Reached XP level 2. HP: 23/23 MP: 5/5
   813 | D:2      | Learned a level 2 spell: Wereblood
   837 | D:2      | You add the spells Ignite Poison, Sticky Flame and Ignition
                  | to your library.
  1119 | D:2      | Reached skill level 3 in Transmutations
  1119 | D:2      | Reached XP level 3. HP: 17/28 MP: 4/6
  1123 | D:2      | Learned a level 3 spell: Spider Form
  1516 | D:2      | Found an iron altar of Okawaru.
  1592 | D:2      | Reached skill level 1 in Poison Magic
  1592 | D:2      | Reached XP level 4. HP: 28/35 MP: 3/7
  2466 | D:3      | Identified the +9 sling of Analysis {drain, *Slow rC++ rN+
                  | Will+}
  2670 | D:3      | Noticed Natasha
  2678 | D:3      | Killed Natasha
  2756 | D:3      | Reached XP level 5. HP: 35/40 MP: 7/9
  2977 | D:3      | Noticed Natasha
  2983 | D:3      | Killed Natasha
  2984 | D:3      | Reached skill level 2 in Poison Magic
  3236 | D:3      | Noticed Natasha
  3245 | D:3      | Killed Natasha
  3304 | D:3      | Found a shimmering blue altar of Sif Muna.
  3461 | D:4      | Reached skill level 4 in Transmutations
  3487 | D:4      | You pick up a book of Air and begin reading...
  3487 | D:4      | You add the spells Shock, Swiftness and Airstrike to your
                  | library.
  3576 | D:3      | Reached skill level 3 in Spellcasting
  3617 | D:4      | Reached skill level 4 in Unarmed Combat
  3617 | D:4      | Reached XP level 6. HP: 46/47 MP: 6/10
  3744 | D:4      | You pick up a book of Dangerous Friends and begin
                  | reading...
  3744 | D:4      | You add the spells Summon Guardian Golem, Orb of
                  | Destruction and Spellforged Servitor to your library.
  3804 | D:4      | Learned a level 4 spell: Ice Form
  4342 | D:5      | Entered Level 5 of the Dungeon
  4353 | D:5      | Reached skill level 1 in Ice Magic
  4449 | D:5      | Reached skill level 5 in Transmutations
  4645 | D:5      | Your scales start taking on a glossy black colour.
  4645 | D:5      | Reached XP level 7. HP: 46/52 MP: 5/12
  4645 | D:5      | Gained mutation: You are resistant to electric shocks.
                  | (rElec) [Black Draconian growth]
  4876 | D:5      | Found an ornate altar of the Wu Jian Council.
  4876 | D:5      | Found a shadowy altar of Dithmenos.
  5092 | D:5      | Reached skill level 2 in Ice Magic
  5298 | D:6      | Noticed Maggie
  5591 | D:6      | HP: 4/52 [orc priest/divine providence (13)]
  5772 | D:6      | Reached skill level 3 in Ice Magic
  5832 | D:6      | Found the +6 shillelagh "Devastator" {shatter}
  5846 | D:6      | HP: 9/52 [ogre/+0 giant spiked club (9)]
  5848 | D:6      | Killed Maggie
  5849 | D:6      | Reached skill level 5 in Unarmed Combat
  5849 | D:6      | Reached skill level 4 in Spellcasting
  5849 | D:6      | Reached skill level 6 in Transmutations
  5849 | D:6      | Reached skill level 4 in Ice Magic
  5849 | D:6      | Reached XP level 8. HP: 11/59 MP: 10/14
  6561 | D:6      | You pick up a book of Cantrips and begin reading...
  6561 | D:6      | You add the spells Necrotise, Summon Small Mammal and
                  | Apportation to your library.
  6973 | D:7      | Reached skill level 7 in Transmutations
  6973 | D:7      | Reached skill level 5 in Ice Magic
  7073 | D:7      | Reached XP level 9. HP: 23/64 MP: 12/16
  7323 | D:7      | Found a staircase to the Ecumenical Temple.
  7449 | Temple   | Entered the Ecumenical Temple
  7627 | Temple   | Became a worshipper of Ru the Awakened
  7903 | D:7      | Reached skill level 5 in Spellcasting
  8019 | D:7      | Reached skill level 6 in Ice Magic
  8050 | D:7      | Reached skill level 6 in Unarmed Combat
  8181 | D:7      | Reached skill level 2 in Dodging
  8186 | D:7      | Reached skill level 8 in Transmutations
  8401 | D:7      | You pick up a book of the Moon and begin reading...
  8401 | D:7      | You add the spells Passage of Golubria, Silence and
                  | Lehudib's Crystal Spear to your library.
  8581 | D:8      | Reached skill level 2 in Fighting
  8678 | D:8      | Found a glowing golden altar of the Shining One.
  8967 | D:8      | Found a runed translucent gate.
  8967 | D:8      | Found an opulent altar of Gozag.
  8968 | D:8      | Found a runed translucent gate.
  8969 | D:8      | Found a runed translucent gate.
  8970 | D:8      | Noticed NoAnimeNoLife's ghost (novice TrBe)
  9535 | D:9      | Noticed Maurice
  9537 | D:9      | Paralysed by Maurice for 5 turns
  9575 | D:9      | Killed Maurice
  9576 | D:9      | Reached skill level 3 in Fighting
  9576 | D:9      | Reached skill level 3 in Dodging
  9622 | D:9      | HP: 19/84 [gnoll/+2 halberd of protection[a gnoll sergeant]
                  | (6)]
  9954 | D:9      | Reached XP level 10. HP: 66/77 MP: 14/18
  9963 | D:9      | Reached skill level 9 in Transmutations
 10416 | D:9      | Found a hazy altar of Hepliaklqana.
 10780 | D:10     | Entered Level 10 of the Dungeon
 11156 | D:10     | Noticed Urug
 11178 | D:10     | Reached skill level 4 in Fighting
 11178 | D:10     | Reached skill level 6 in Spellcasting
 11342 | D:10     | Reached skill level 7 in Unarmed Combat
 11452 | D:10     | Found Duutzur's Assorted Antiques.
 11566 | D:10     | Found a staircase to the Lair.
 11566 | D:10     | Noticed a two-headed ogre
 11578 | D:10     | Killed a two-headed ogre
 11579 | D:10     | Reached skill level 4 in Dodging
 11799 | D:9      | HP: 19/96 [something (8)]
 12178 | D:10     | Found a staircase to the Orcish Mines.
 12502 | Lair:1   | Entered Level 1 of the Lair of Beasts
 12505 | Lair:1   | Noticed a cane toad
 12515 | Lair:1   | Killed a cane toad
 12685 | Lair:1   | Noticed a cane toad
 12699 | Lair:1   | Killed a cane toad
 12700 | Lair:1   | Reached skill level 10 in Transmutations
 12728 | Lair:1   | You fall into a shaft and drop 1 floor!
 12745 | Lair:2   | HP: 19/96 [wolf (7)]
 12748 | Lair:2   | HP: 8/96 [wolf (9)]
 12765 | Lair:2   | HP: 13/96 [bullfrog (1)]
 12983 | Lair:2   | You pick up a book of Conjurations and begin reading...
 12983 | Lair:2   | You add the spells Magic Dart, Searing Ray and Fulminant
                  | Prism to your library.
 13027 | Lair:2   | HP: 23/96 [wolf (8)]
 13028 | Lair:2   | HP: 9/96 [wolf (5)]
 13029 | Lair:2   | Reached skill level 5 in Fighting
 13031 | Lair:2   | HP: 4/97 [wolf (7)]
 13032 | Lair:2   | Slain by a wolf

Vanquished Creatures
  A two-headed ogre (D:10)
  Maurice (D:9)
  2 cane toads (Lair:1)
  An unseen horror (D:10)
  Maggie (D:6)
  2 wyverns (D:7)
  A vampire (D:9)
  A water moccasin (D:7)
  6 orc warriors
  2 sky beasts (D:8)
  An ice beast (D:7)
  A black bear (D:5)
  3 wolves (Lair:2)
  2 ogres (D:6)
  3 centaurs
  3 kobold brigands
  6 bullfrogs
  A gnoll sergeant (D:9)
  9 wights (D:7)
  6 killer bees
  An electric eel (Lair:1)
  6 howler monkeys
  3 jellies (D:6)
  2 hounds
  9 orc priests
  Natasha (thrice) (D:3)
  2 iguanas
  11 orc wizards
  10 gnolls
  5 adders
  2 shadow imps
  2 white imps (D:7)
  A worm (D:2)
  A dart slug (D:2)
  42 orcs
  9 ball pythons
  3 bats
  8 endoplasms
  3 giant cockroaches (D:4)
  5 goblins
  12 hobgoblins
  2 jackals (D:3)
  5 quokkas
  2 frilled lizards (D:1)
  21 kobolds
  5 rats
228 creatures vanquished.

Vanquished Creatures (others)
  2 fungi (Lair:2)
2 creatures vanquished.

Grand Total: 230 creatures vanquished

Table legend:
 A = Non-vault XP
 B = Vault XP
 C = Vault XP percentage of total XP
 D = Non-vault monster count
 E = Vault monster count
 F = Vault count percentage of total count
                 A         B        C        D         E       F
            +---------+---------+-------+---------+---------+-------
      Total |    8779 |    1145 |  11.5 |     221 |       7 |   3.1
            +---------+---------+-------+---------+---------+-------
        D:1 |      28 |       0 |   0.0 |      18 |       0 |   0.0
        D:2 |     105 |       0 |   0.0 |      22 |       0 |   0.0
        D:3 |     118 |      40 |  25.3 |      14 |       3 |  17.6
        D:4 |     256 |       0 |   0.0 |      30 |       0 |   0.0
        D:5 |     258 |       0 |   0.0 |      12 |       0 |   0.0
        D:6 |     801 |     609 |  43.2 |      19 |       3 |  13.6
        D:7 |    1674 |       0 |   0.0 |      27 |       0 |   0.0
        D:8 |     746 |       0 |   0.0 |      14 |       0 |   0.0
        D:9 |    1436 |     496 |  25.7 |      34 |       1 |   2.9
       D:10 |    2037 |       0 |   0.0 |      24 |       0 |   0.0
     Lair:1 |     872 |       0 |   0.0 |       3 |       0 |   0.0
     Lair:2 |     448 |       0 |   0.0 |       4 |       0 |   0.0
            +---------+---------+-------+---------+---------+-------

Illustrated notes

Table legend:
 A = Kills in this place as a percentage of kills in entire the game.
 B = Kills by you in this place as a percentage of kills by you in the entire game.
 C = Kills by friends in this place as a percentage of kills by friends in the entire game.
 D = Other kills in this place as a percentage of other kills in the entire game.
 E = Experience gained in this place as a percentage of experience gained in the entire game.
 F = Experience gained in this place divided by the number of levels of this place that you have seen.
                   A       B       C       D       E      F
               +-------+-------+-------+-------+-------+----------------------
         Total | 100.0 | 100.0 |   N/A |   N/A | 100.0 | 763.4
       Dungeon |  96.9 |  96.9 |   N/A |   N/A |  86.7 | 860.4
          Lair |   3.1 |   3.1 |   N/A |   N/A |  13.3 | 660.0
               +-------+-------+-------+-------+-------+----------------------

Table legend: (Time is in decaauts)
 A = Elapsed time spent in this place.
 B = Non-inter-level travel time spent in this place.
 C = Inter-level travel time spent in this place.
 D = Time resting spent in this place.
 E = Time spent auto-exploring this place.
 F = Levels seen in this place.
 G = Mean time per level.
                   A        B        C        D        E       F      G
               +--------+--------+--------+--------+--------+-----+--------+
         Total |  12969 |  12537 |    432 |    498 |  10215 |  13 |  997.6 |
       Dungeon |  12234 |  11889 |    345 |    321 |   9853 |  10 | 1223.4 |
        Temple |    209 |    124 |     85 |      0 |    107 |   1 |  209.0 |
          Lair |    524 |    524 |      0 |    177 |    254 |   2 |  262.0 |
               +--------+--------+--------+--------+--------+-----+--------+

Top non-repeatable levels by time:
     D:9: 1610 daAuts
    D:10: 1400 daAuts
     D:6: 1389 daAuts
     D:7: 1342 daAuts
     D:3: 1327 daAuts
     D:2: 1299 daAuts
     D:5: 1235 daAuts
     D:8: 911 daAuts
     D:4: 908 daAuts
     D:1: 809 daAuts
  Lair:2: 300 daAuts
  Lair:1: 224 daAuts
  Temple: 209 daAuts
